 Dungeon Crawl Stone Soup version 0.28-b1-25-g9875b3fc8c (webtiles) character file.

Game seed: 15616219340300461601

1846 crazypyro the Basher (level 8, -3/71 HPs)
             Began as a Minotaur Fighter on Feb 2, 2022.
             Killed from afar by a gargoyle (25 damage)
             ... with a stone arrow
             ... on level 7 of the Dungeon.
             The game lasted 00:05:31 (7852 turns).

crazypyro the Basher (Minotaur Fighter)             Turns: 7852, Time: 00:05:31

Health: -3/71      AC:  9    Str: 22    XL:     8   Next: 88%
Magic:  7/7        EV: 12    Int:  5    God:
Gold:   225        SH:  6    Dex: 18    Spells: 7/7 levels left

rFire   . . .      SeeInvis .   n - +8 whip of the Dungeon {vorpal, Dex+7}
rCold   . . .      Faith    .   c - +0 buckler
rNeg    . . .      Spirit   .   b - +0 scale mail
rPois   .          Reflect  .   (helmet restricted)
rElec   .          Harm     .   l - +0 cloak
rCorr   .          Rampage  .   (no gloves)
Will    .....                   (no boots)
Stlth   ..........              (no amulet)
HPRegen 0.21/turn               (no ring)
MPRegen 0.10/turn               (no ring)

@: no status effects
A: horns 2, retaliatory headbutt
a: no special abilities


You were on level 7 of the Dungeon.
You visited 1 branch of the dungeon, and saw 7 of its levels.

You collected 225 gold pieces.

Inventory:

Hand Weapons
 a - a +1 flail
 n - the +8 whip of the Dungeon (weapon) {vorpal, Dex+7}
   (You found it on level 2 of the Dungeon)

   It inflicts extra damage upon your enemies.
   Dex:       It affects your dexterity (+7).
Armour
 b - a +0 scale mail (worn)
 c - a +0 buckler (worn)
 l - a +0 cloak (worn)
 u - the +1 robe of Forking Paths {rElec rN+}
   (You found it on level 5 of the Dungeon)

   rElec:     It insulates you from electricity.
   rN:        It protects you from negative energy.
Wands
 j - a wand of mindburst (7)
 p - a wand of flame (11)
 x - a wand of iceblast (6)
Scrolls
 g - 2 scrolls of teleportation
 q - a scroll of summoning
 r - 4 scrolls of identify
 s - a scroll of silence {unknown}
 w - a scroll of immolation {unknown}
Potions
 d - a potion of might
 e - 2 potions of curing
 f - a potion of flight {unknown}
 h - a potion of magic {unknown}
 i - 4 potions of invisibility
 k - 2 potions of attraction
 m - 2 potions of heal wounds {unknown}
 o - a potion of haste
 t - a potion of cancellation {unknown}
 v - 2 potions of lignification {unknown}


   Skills:
 + Level 6.8 Fighting
 * Level 8.5 Maces & Flails
 + Level 6.8 Armour
 + Level 4.0 Dodging
 + Level 6.9 Shields


You had 7 spell levels left.
You didn't know any spells.
Your spell library contained the following spells:

 Spells                   Type           Power      Damage    Failure   Level
 Sting                    Tmut/Pois      0%         1d3       85%         1
 Poisonous Vapours        Pois/Air       0%         N/A       94%         2
 Gell's Gravitas          Tloc           0%         N/A       99%         3
 Lesser Beckoning         Tloc           0%         N/A       99%         3
 Teleport Other           Tloc           0%         N/A       99%         3
 Olgreb's Toxic Radiance  Pois           0%         N/A       100%        4


Dungeon Overview and Level Annotations

Branches:
Dungeon (7/15)
 Temple: D:4-7

Altars:
Vehumet

Shops:
D:2 [


Innate Abilities, Weirdness & Mutations

You have a pair of horns on your head.
You reflexively headbutt those who attack you in melee.


Message History

You closely miss the water moccasin.
The water moccasin is almost dead.
The water moccasin bites you.
You whack the water moccasin!
You kill the water moccasin!
Your Dodging skill increases to level 4!
No target in view!
HP restored.
You now have 225 gold pieces (gained 11).
A gargoyle comes into view. It is wielding a +0 morningstar.
A gargoyle is nearby!
A gargoyle is nearby!
Found a stone staircase leading down.
The gargoyle hurls a stone arrow at you.
The stone arrow hits you!!
You hit the gargoyle but do no damage.
You headbutt the gargoyle, but do no damage.
The gargoyle hits you with a +0 morningstar.
You hit the gargoyle but do no damage. You barely miss the gargoyle.
The gargoyle closely misses you.
You hit the gargoyle.
The gargoyle is lightly damaged.
The gargoyle hits you with a +0 morningstar!
You hit the gargoyle but do no damage. Your headbutt misses the gargoyle.
The gargoyle is lightly damaged.
You whack the gargoyle!
The gargoyle is heavily damaged.
The gargoyle hits you with a +0 morningstar!
* * * LOW HITPOINT WARNING * * *
You hit the gargoyle but do no damage.
The gargoyle is heavily damaged.
The gargoyle hurls a stone arrow at you.
The stone arrow misses you.
You hit the gargoyle.
The gargoyle is severely damaged.
You hit the gargoyle but do no damage.
The gargoyle is severely damaged.
The gargoyle hurls a stone arrow at you.
The stone arrow hits you!!
You die...

# ###†....#
#.#.......####
#...<.........
###^.......###
#..........#
....##......?#
#### #.......#
#.......#
#.....@.#
######9......>
#........
#........
...##.### ..##
... ..# #.#
...# .#


You could see a gargoyle.

Vanquished Creatures
  2 water moccasins
  An ice beast (D:6)
  A black bear (D:5)
  An ogre (D:4)
  A centaur (D:6)
  Blork the orc (D:6)
  A scorpion (D:5)
  A water moccasin skeleton (D:5)
  A howler monkey (D:5)
  3 centaur zombies (D:6)
  4 orc priests
  3 jellies
  2 bullfrog skeletons (D:5)
  2 centaur skeletons
  A gnoll shaman (D:6)
  Ijyb (D:4)
  5 orc wizards
  6 iguanas
  A hound skeleton (D:2)
  A howler monkey skeleton (D:6)
  10 adders
  8 gnolls
  An ufetubus (D:6)
  An adder skeleton (D:4)
  A worm (D:3)
  2 dart slugs
  25 orcs
  5 bats
  6 endoplasms
  6 giant cockroaches
  10 goblins
  6 hobgoblins
  2 jackals (D:4)
  4 kobolds (D:1)
  3 quokkas
  7 ball pythons
  3 frilled lizards (D:1)
  8 rats
147 creatures vanquished.

Notes
Turn   | Place    | Note
-------+----------+-------------------------------------------
     0 | D:1      | crazypyro the Minotaur Fighter began the quest for the Orb.
     0 | D:1      | Reached XP level 1. HP: 19/19 MP: 0/0
   384 | D:1      | Reached XP level 2. HP: 27/27 MP: 1/1
   744 | D:1      | Reached skill level 3 in Maces & Flails
  1032 | D:2      | Reached XP level 3. HP: 26/33 MP: 2/2
  1181 | D:2      | Found Tusejen's Armour Shop.
  1363 | D:2      | Reached XP level 4. HP: 24/40 MP: 3/3
  1745 | D:2      | Identified the +8 whip of the Dungeon {vorpal, Dex+7}
  1908 | D:2      | Found a faded altar of an unknown god.
  2359 | D:3      | Reached skill level 4 in Maces & Flails
  2647 | D:3      | Reached XP level 5. HP: 37/47 MP: 4/4
  2927 | D:3      | Found a radiant altar of Vehumet.
  3622 | D:4      | Noticed an ogre
  3628 | D:4      | Killed an ogre
  3629 | D:4      | Reached skill level 5 in Maces & Flails
  3629 | D:4      | Reached XP level 6. HP: 26/55 MP: 5/5
  3833 | D:4      | Reached skill level 5 in Fighting
  3833 | D:4      | Reached skill level 5 in Shields
  4084 | D:4      | Noticed Ijyb
  4095 | D:4      | Killed Ijyb
  4096 | D:4      | Reached skill level 5 in Armour
  4709 | D:4      | Reached skill level 1 in Dodging
  5406 | D:5      | Entered Level 5 of the Dungeon
  5421 | D:5      | Reached XP level 7. HP: 53/61 MP: 6/6
  5610 | D:5      | Reached skill level 6 in Maces & Flails
  6139 | D:5      | Identified the +1 robe of Forking Paths {rElec rN+}
  6225 | D:5      | Reached skill level 7 in Maces & Flails
  6427 | D:5      | Reached XP level 8. HP: 66/70 MP: 7/7
  6848 | D:6      | Noticed Blork the orc
  6854 | D:6      | Killed Blork the orc
  7419 | D:6      | Reached skill level 8 in Maces & Flails
  7840 | D:7      | Noticed a gargoyle
  7852 | D:7      | Killed from afar by a gargoyle

Illustrated notes

Levels and vault maps discovered:
D:1:      dpeg_arrival_court, layout_rooms, minmay_3d_cube
D:2:      layout_basic, dreamdust_ecumenical_altar_hidden_monk_grotto,
          serial_shops, nicolae_shop_waterfront, serial_curves, eino_curves_01,
          eino_curves_03, guppyfry_early_orc_mine
D:3:      layout_basic, vehumet_altar_wand_db, minmay_misc_feat_enclosed
D:4:      layout_layer_cave, amcnicky_mini_pool_small, uniq_ijyb
D:5:      minmay_evil_eye, layout_gridville, nicolae_elevator_lobby_plus
D:6:      layout_basic, uniq_blork_the_orc
D:7:      layout_rooms, mainiacjoe_overflow_24_doors,
          minmay_temple_entry_arrows, kennysheep_cross_bottleneck

Skill      XL: |  1  2  3  4  5  6  7  8 |
---------------+-------------------------+-----
Shields        | 4 5 6 |  6.9
Maces & Flails | 3 4 5 7 8 |  8.5
Fighting       | 4 5 6 |  6.8
Armour         | 4 5 6 |  6.8
Dodging        | 1 2 4 |  4.0

Action                   |  1- 3 |  4- 6 |  7- 9 || total
-------------------------+-------+-------+-------++-------
Melee: Flail             |    91 |    14 |       ||   105
       Headbutt          |    10 |    17 |    22 ||    49
       Whip              |       |   109 |   155 ||   264
  Use: Potion            |     1 |       |       ||     1
       Scroll            |       |    10 |       ||    10
Armor: Scale mail        |    52 |    51 |    45 ||   148
Dodge: Dodged            |    37 |    46 |    50 ||   133
Block: Buckler           |    22 |    19 |    30 ||    71
